 Dungeon Crawl Stone Soup version 0.29-a0-1047-g7c58e119a4 (webtiles) character file.

Game seed: 9970787397461482408

434 gelatine the Firebug (level 6, -1/41 HPs)
             Began as a Demonspawn Fire Elementalist on Aug 16, 2022.
             Slain by Duvessa
             ... wielding a +0 short sword
              (11 damage)
             ... on level 4 of the Dungeon.
             The game lasted 00:10:04 (4051 turns).

gelatine the Firebug (Demonspawn Fire Elementalist) Turns: 4051, Time: 00:10:04

Health: -1/41      AC: 10    Str:  8    XL:     6   Next: 68%
Magic:  0/12       EV: 12    Int: 19    God:
Gold:   273        SH:  4    Dex: 13    Spells: 10/13 levels left

rFire   . . .      SeeInvis .   c - +1 club
rCold   . . .      Faith    .   (no shield)
rNeg    . . .      Spirit   .   a - +0 robe
rPois   .          Reflect  .   p - +0 helmet
rElec   .          Harm     .   (no cloak)
rCorr   .          Rampage  .   b - +2 pair of gloves
Will    .....                   o - +0 pair of boots
Stlth   ++........              (no amulet)
HPRegen 0.13/turn               (no ring)
MPRegen 0.13/turn               (no ring)

@: flying
A: yellow scales 2, condensation shield
a: no special abilities


You were on level 4 of the Dungeon.
You visited 1 branch of the dungeon, and saw 4 of its levels.

You collected 273 gold pieces.

Inventory:

Hand Weapons
 c - a +1 club (weapon)
Armour
 a - a +0 robe (worn)
 b - a +2 pair of gloves (worn)
 j - a +0 buckler
 o - a +0 pair of boots (worn)
 p - a +0 helmet (worn)
Magical Staves
 k - a staff of cold
Jewellery
 d - an amulet of guardian spirit
Wands
 n - a wand of iceblast (10)
Scrolls
 f - a scroll of butterflies
 h - 3 scrolls of immolation
Potions
 e - a potion of invisibility
 g - a potion of curing
 l - a potion of cancellation {unknown}
 m - a potion of haste {unknown}
 q - a potion of might {unknown}


   Skills:
 + Level 0.1 Fighting
 + Level 0.3 Maces & Flails
 + Level 2.0 Dodging
 + Level 2.1 Stealth
 + Level 4.4 Spellcasting
 + Level 3.0 Conjurations
 + Level 4.5 Fire Magic


You had 10 spell levels left.
You knew the following spells:

 Your Spells              Type           Power      Damage    Failure   Level
a - Foxfire               Conj/Fire      72%        2x1d7     2%          1
b - Scorch                Fire           42%        2d7       3%          2

Your spell library contained the following spells:

 Spells                   Type           Power      Damage    Failure   Level
 Conjure Flame            Conj/Fire      18%        6-21      9%          3
 Apportation              Tloc           8%         N/A       13%         1
 Necrotise                Necr           16%        1d4       13%         1
 Summon Small Mammal      Summ           16%        N/A       13%         1
 Inner Flame              Hex/Fire       12%        N/A       16%         3
 Sublimation of Blood     Necr           4%         N/A       21%         2
 Dazzling Flash           Conj/Hex       20%        N/A       22%         3
 Flame Wave               Conj/Fire      18%        2d7       28%         4
 Iskenderun's Mystic Bla  Conj/Tloc      10%        2d4       56%         4
 Petrify                  Tmut/Erth      4%         N/A       78%         4
 Irradiate                Conj/Tmut      5%         3d13      89%         5
 Starburst                Conj/Fire      9%         6d5       99%         6


Dungeon Overview and Level Annotations

Branches:
Dungeon (4/15)
 Temple: D:4-7

Altars:
Makhleb
Okawaru

Shops:
D:1 (

Annotations:
D:4 Duvessa


Innate Abilities, Weirdness & Mutations

You are mostly covered in yellow scales. (AC +3)
A meltable shield of frost defends you. (SH +4)


Message History

Duvessa hits you with a +0 short sword. Dowan gestures at you while chanting.
The puff of frost hits you!
Aiming: Iceblast
Press: ? - help, Q - select action, (/) - cycle Shift-Dir - straight line, f - Dowan
Aim: Dowan, wielding a +1 dagger of venom and wearing a +2 robe of the Archmagi (lightly wounded)
The mass of ice explodes!
The iceblast engulfs Dowan!
Dowan is severely wounded.
You hear a shout! x5; You hear a bark!
Duvessa says, "My weaknesses are his strengths!"
You block Duvessa's attack.
A hobgoblin comes into view.
Aiming: Iceblast
Press: ? - help, Q - select action, (/) - cycle Shift-Dir - straight line, f/p - Dowan
Aim: Dowan, wielding a +1 dagger of venom and wearing a +2 robe of the Archmagi (severely wounded)
The mass of ice explodes!
The iceblast engulfs Dowan!
You kill Dowan!
Duvessa weeps, and shakes her weapon.
Duvessa goes berserk!
You hear a shout!
Duvessa completely misses you. You block Duvessa's attack.
It was a potion of flight.
You feel very buoyant.
You fly up into the air.
Duvessa hits you with a +0 short sword!
A hobgoblin comes into view.
Okay, then.
Duvessa is no longer more vulnerable to fire.
Duvessa hits you with a +0 short sword.
You hear a shout!
Duvessa hits you with a +0 short sword.
A hobgoblin comes into view.
Duvessa hits you with a +0 short sword.
* * * LOW HITPOINT WARNING * * *
Duvessa attacks as you move away! Duvessa completely misses you.
Duvessa rages.
Casting: Scorch (safe; 3% risk of failure)
Confirm with . or Enter, or press ? or * to list all spells.
You conjure some foxfire!
Duvessa hits you but does no damage. Duvessa hits you with a +0 short sword!
You die...

............................##...
...####.#####....)..........##...
...####....##.####.........###...
#.......##.##.####....#...## ##..
#######.##.......#....#.### #...
#.......##.#....#.# #.##
####..##..........# #.##
#..##.#v######## #...
*****###..##.#@# #..#
***,,,,.......gev#########** #..#
,,,,***#.......##.....g...,**#...
***** #......g#...######*,,*##.#
#.##........#....⌠*,,* #.#
*,*#.##.....'....8#,,* #..
*,..........#....⌠#,,**###
#.......#...##'#+##,,,,,*
#.........).#,.#,,*,,**,*


You could see Duvessa (berserk, resistant, ally target) and 2 hobgoblins.

Vanquished Creatures
  A phantom (D:4)
  A scorpion (D:4)
  Dowan (D:4)
  An orc priest (D:3)
  Ijyb (D:3)
  Natasha (thrice) (D:2)
  An orc wizard (D:3)
  4 adders
  3 dart slugs
  5 orcs
  5 ball pythons
  4 bats
  7 endoplasms
  4 giant cockroaches
  4 hobgoblins
  3 quokkas
  4 frilled lizards
  2 goblins
  10 kobolds
  2 rats
66 creatures vanquished.

Vanquished Creatures (collateral kills)
  5 foxfires (D:3)
5 creatures vanquished.

Vanquished Creatures (others)
  245 foxfires
  6 fungi (D:3)
251 creatures vanquished.

Grand Total: 322 creatures vanquished

Notes
Turn   | Place    | Note
-------+----------+-------------------------------------------
     0 | D:1      | gelatine the Demonspawn Fire Elementalist began the quest
                  | for the Orb.
     0 | D:1      | Reached XP level 1. HP: 13/13 MP: 3/3
    81 | D:1      | Found Ellikew's Weapon Emporium.
   305 | D:1      | Gained mutation: You are partially covered in yellow
                  | scales. (AC +2) [demonic ancestry]
   305 | D:1      | Reached XP level 2. HP: 19/19 MP: 3/5
  1050 | D:2      | Learned a level 2 spell: Scorch
  1079 | D:2      | Reached XP level 3. HP: 23/24 MP: 2/6
  1206 | D:2      | Found a faded altar of an unknown god.
  1746 | D:2      | Found an iron altar of Okawaru.
  1774 | D:2      | Gained mutation: You are mostly covered in yellow scales.
                  | (AC +3) [demonic ancestry]
  1774 | D:2      | Reached XP level 4. HP: 29/30 MP: 1/7
  1917 | D:2      | Noticed Natasha
  1928 | D:2      | Killed Natasha
  1981 | D:2      | Noticed Natasha
  1998 | D:2      | Killed Natasha
  2067 | D:2      | Noticed Natasha
  2070 | D:2      | Killed Natasha
  2071 | D:2      | Gained mutation: A meltable shield of frost defends you.
                  | (SH +4) [demonic ancestry]
  2071 | D:2      | Reached XP level 5. HP: 23/35 MP: 1/9
  2559 | D:3      | Found a burning altar of Makhleb.
  2565 | D:3      | Noticed Ijyb
  2580 | D:3      | Killed Ijyb
  3583 | D:4      | Noticed a phantom
  3589 | D:4      | Killed a phantom
  3590 | D:4      | Reached XP level 6. HP: 41/41 MP: 0/11
  3736 | D:4      | Found an iron altar of Okawaru.
  4030 | D:4      | Noticed Duvessa
  4030 | D:4      | Noticed Dowan
  4043 | D:4      | Killed Dowan
  4051 | D:4      | Slain by Duvessa

Illustrated notes

Levels and vault maps discovered:
D:1:      giann_wishing_wells, layout_loops_ring, serial_shops,
          nicolae_shop_temple_entry_statues_fountains
D:2:      layout_loops_ring, basic_altar, ebering_ecumenical_altar_abandoned,
          uniq_natasha
D:3:      layout_rooms, mainiacjoe_overflow_cross_hatched, uniq_ijyb
D:4:      dreamdust_elfheim, layout_loops_cross, jmf_multi_god_temple

Skill      XL: |  1  2  3  4  5  6 |
---------------+-------------------+-----
Fire Magic     | 3 4 |  4.5
Dodging        | 2 |  2.0
Stealth        | 2 |  2.1
Conjurations   | 2 3 |  3.0
Spellcasting   | 3 4 |  4.4
Fighting       | |  0.1
Maces & Flails | |  0.3

Action                   |  1- 3 |  4- 6 || total
-------------------------+-------+-------++-------
Melee: Club              |    25 |    14 ||    39
 Cast: Foxfire           |    70 |    91 ||   161
       Scorch            |     2 |    15 ||    17
Evoke: Wand              |       |     2 ||     2
  Use: Potion            |       |     2 ||     2
       Scroll            |       |     6 ||     6
Armor: Robe              |    10 |     7 ||    17
Dodge: Dodged            |    17 |    12 ||    29
Block: Other             |       |     6 ||     6

Table legend: (Time is in decaauts)
 A = Elapsed time spent in this place.
 B = Non-inter-level travel time spent in this place.
 C = Inter-level travel time spent in this place.
 D = Time resting spent in this place.
 E = Time spent auto-exploring this place.
 F = Levels seen in this place.
 G = Mean time per level.
                   A        B        C        D        E       F      G
               +--------+--------+--------+--------+--------+-----+--------+
         Total |   4060 |   3991 |     69 |     86 |   3345 |   4 | 1015.0 |
       Dungeon |   4060 |   3991 |     69 |     86 |   3345 |   4 | 1015.0 |
               +--------+--------+--------+--------+--------+-----+--------+

Top non-repeatable levels by time:
     D:2: 1433 daAuts
     D:1: 1046 daAuts
     D:4: 802 daAuts
     D:3: 778 daAuts
